Map: Backwater LE

Players

CinDra

  • Race: Zerg Zerg
  • League: Silver
  • Spawn Location: 11:00

kvd - Winner!

  • Race: Terran Terran
  • League: Gold
  • Spawn Location: 5:00

VOD

Have the link to the VOD?

Description

Time

  • Played on: Feb. 26, 2018, 10:28 p.m.
  • Length: 15:15
Show
View Real Time Build Order
Export as new Build Order

CinDra Zerg 

Build Orders: Hatch First 

Get SALT Encoding   

  12  0:01  Drone  
  13  0:12  Overlord  
  13  0:17  Drone  
  14  0:31  Drone x2  
  14  0:34  Drone  
  17  0:56  Hatchery, Drone  
  17  1:02  Drone  
  18  1:07  Extractor  
  17  1:16  Spawning Pool  
  16  1:19  Drone  
  16  1:22  Drone  
  18  1:31  Drone  
  19  1:38  Drone  
  20  1:49  Drone  
  21  2:00  Drone  
  22  2:10  Drone  
  22  2:13  Queen x2  
  22  2:14  Zergling x2  
  28  2:16  Metabolic Boost  
  28  2:20  Overlord  
  28  2:38  Drone x3  
  31  2:44  Zergling x4  
  31  2:50  Overlord  
  33  3:00  Queen  
  33  3:02  Drone  
  33  3:04  Overlord  
  36  3:09  Overlord  
  36  3:27  Drone x3  
  37  3:28  Overlord, Drone x2  
  41  3:39  Hatchery  
  40  3:51  Drone  
  40  3:52  Drone x4  
  45  4:04  Roach Warren, Extractor  
  45  4:05  Drone x6  
  49  4:14  Zergling x4  
  51  4:19  Lair  
  51  4:32  Drone  
  51  4:33  Drone x7  
  60  4:38  Zergling x2  
  60  4:45  Overlord  
  60  5:05  Zergling x2  
  60  5:06  Roach x3  
  67  5:07  Overlord  
  67  5:08  Roach  
  67  5:09  Roach x2  
  67  5:10  Overlord  
  73  5:15  Drone  
  74  5:23  Overseer  
  74  5:27  Roach x3  
  80  5:29  Overlord  
  80  5:37  Drone x5  
  80  5:38  Drone  
  80  5:42  Glial Reconstitution  
  86  5:43  Zergling x2  
  88  5:50  Drone  
  88  5:57  Drone x2  
  88  6:01  Spore Crawler  
  89  6:21  Extractor  
  89  6:22  Extractor  
  85  6:40  Spire  
  85  6:42  Drone  
  85  6:43  Drone x13  
  98  6:47  Spore Crawler  
  98  6:49  Spore Crawler  
  96  6:56  Evolution Chamber  
  96  6:58  Evolution Chamber  
  94  7:03  Roach  
  94  7:04  Roach, Overlord x2  
  98  7:26  Overlord x2  
  98  7:42  Zerg Missile Weapons Level 1, Zerg Ground Armor Level 1  
  98  7:43  Extractor  
  97  7:48  Extractor  
  96  7:52  Mutalisk x6  
  109  7:58  Zergling x2  
  109  7:59  Zergling x10  
  114  8:11  Pneumatized Carapace  
  114  8:21  Mutalisk  
  114  8:22  Mutalisk  
  114  8:25  Zergling x10  
  114  8:26  Zergling x4  
  125  8:43  Hatchery  
  124  8:49  Queen  
  124  8:50  Overlord  
  124  8:51  Mutalisk, Overlord  
  124  8:52  Mutalisk  
  130  9:14  Drone  
  131  9:37  Corruptor  
  131  9:38  Corruptor x7  
  145  9:59  Drone x3  
  150  10:00  Drone x4  
  150  10:03  Zerg Missile Weapons Level 2, Zerg Ground Armor Level 2  
  150  10:05  Zerg Flyer Weapons Level 1  
  152  10:16  Overlord  
  152  10:17  Overlord x2  
  152  10:27  Extractor  
  151  10:29  Extractor  
  150  10:37  Mutalisk, Overlord x2  
  150  10:38  Mutalisk x4  
  160  10:45  Roach x6  
  172  11:05  Drone x2  
  172  11:06  Drone x3  
  172  11:07  Mutalisk x4  
  185  11:21  Overlord x2  
  185  11:29  Queen x2  
  185  11:30  Queen  
  173  12:11  Roach x3  
  173  12:12  Roach x10  
  199  12:29  Mutalisk x3  
  199  12:51  Overseer  
  199  12:52  Overseer  
  199  13:02  Infestation Pit  
  198  13:47  Hatchery  
  197  14:02  Mutalisk  
  197  14:03  Zergling x2  
  172  14:45  Roach x10  
  108  14:46  Roach x15  
Show
View Real Time Build Order
Export as new Build Order

kvd Terran - Winner!

Build Orders:  

Get SALT Encoding   

  12  0:02  SCV  
  13  0:14  SCV  
  14  0:21  Supply Depot  
  14  0:26  SCV  
  15  0:42  SCV  
  16  0:44  Barracks  
  16  0:54  SCV  
  17  1:04  Refinery  
  17  1:06  SCV  
  18  1:18  SCV  
  18  1:23  Refinery  
  19  1:31  SCV  
  19  1:32  Marine  
  20  1:35  Supply Depot  
  21  1:52  Orbital Command  
  21  1:54  Marine  
  22  2:05  Factory  
  22  2:12  Marine  
  23  2:20  SCV  
  24  2:30  Marine  
  25  2:46  Command Center  
  25  2:47  Marine  
  25  2:48  Factory Tech Lab  
  26  2:55  Starport  
  26  3:05  Marine  
  27  3:23  Supply Depot, Marine  
  27  3:24  Supply Depot  
  27  3:25  Supply Depot  
  27  3:26  Siege Tank  
  31  3:34  Starport Reactor  
  31  3:45  SCV, Marine  
  33  3:57  SCV  
  33  3:59  Bunker  
  33  4:00  Orbital Command  
  34  4:06  Marine  
  35  4:11  Siege Tank  
  38  4:20  SCV  
  39  4:27  SCV  
  40  4:32  SCV  
  41  4:40  SCV  
  41  4:44  SCV  
  43  4:52  SCV  
  44  4:55  Barracks Reactor  
  44  4:56  Medivac, SCV  
  44  4:57  Medivac  
  44  4:58  Siege Tank  
  52  5:02  Engineering Bay  
  52  5:04  SCV  
  52  5:05  Engineering Bay  
  53  5:09  Supply Depot  
  53  5:11  SCV, Supply Depot  
  54  5:16  SCV  
  55  5:23  SCV  
  55  5:28  SCV  
  57  5:30  Medivac x2  
  57  5:35  SCV, Supply Depot  
  62  5:51  SCV  
  62  5:52  SCV  
  62  5:54  Refinery  
  62  5:56  Refinery  
  64  5:59  Siege Tank  
  64  6:01  Medivac  
  64  6:04  SCV x2  
  71  6:07  Medivac  
  73  6:16  SCV x2  
  75  6:19  Command Center, Marine x2  
  77  6:47  SCV x2  
  77  6:48  Marine x2  
  77  6:50  Siege Tank  
  84  6:54  Viking x2  
  84  6:59  SCV x2  
  90  7:11  Supply Depot  
  90  7:12  Supply Depot x2  
  90  7:17  Barracks  
  90  7:18  Barracks  
  90  7:20  Barracks, SCV x2  
  90  7:21  Marine x2  
  94  7:30  Siege Tank, Viking x2  
  94  7:32  SCV x2  
  94  7:33  Orbital Command  
  103  7:42  Armory  
  103  7:46  Marine x2  
  105  7:55  Orbital Command  
  105  7:56  Terran Infantry Weapons Level 1  
  105  7:57  Terran Infantry Armor Level 1  
  105  8:31  Marine x2  
  105  8:33  Barracks Reactor, Barracks Tech Lab x2  
  107  8:35  Siege Tank  
  107  8:36  Viking x2  
  114  8:50  Barracks  
  114  8:52  Barracks  
  114  8:54  Barracks  
  114  8:55  Barracks  
  114  8:58  Barracks  
  114  9:00  Stimpack  
  114  9:01  Combat Shields  
  114  9:09  Missile Turret  
  114  9:10  Missile Turret  
  114  9:11  Missile Turret  
  114  9:12  Missile Turret  
  114  9:18  Missile Turret  
  114  9:19  Missile Turret  
  114  9:21  Missile Turret  
  114  9:23  Missile Turret  
  114  9:27  Marine x3  
  114  9:28  Marine  
  114  9:29  Marauder  
  120  9:31  Marauder  
  122  9:55  Barracks Reactor  
  122  9:56  Barracks Reactor  
  122  9:57  Barracks Tech Lab  
  122  9:59  Terran Infantry Weapons Level 2  
  122  10:00  Terran Infantry Armor Level 2  
  122  10:01  Refinery  
  122  10:04  Refinery  
  122  10:05  SCV x2  
  124  10:08  SCV  
  125  10:17  SCV x2  
  125  10:21  SCV  
  128  10:41  Missile Turret x2  
  129  10:42  SCV  
  129  10:43  Missile Turret x2, SCV x2  
  129  10:44  Marine x2  
  129  10:45  Missile Turret x2  
  133  10:55  Missile Turret  
  133  10:59  Supply Depot  
  133  11:00  Supply Depot x2  
  133  11:02  Supply Depot  
  133  11:03  Supply Depot  
  133  11:05  Supply Depot  
  133  11:07  Supply Depot  
  133  11:15  Siege Tank, Marauder, SCV x2, Marine  
  141  11:20  SCV, Viking x2, Concussive Shells, Marine  
  141  11:21  Marauder  
  149  11:46  Command Center  
  149  11:53  Command Center  
  139  12:26  Missile Turret  
  139  12:28  Missile Turret  
  137  12:30  Missile Turret  
  137  12:32  Missile Turret  
  137  12:37  Marine x4  
  137  12:38  Marine x2  
  143  12:44  Viking  
  143  12:45  Viking  
  147  13:15  Orbital Command  
  147  13:26  Missile Turret  
  147  13:27  Refinery, Missile Turret  
  147  13:30  Refinery  
  147  13:32  Missile Turret, Orbital Command  
  147  13:34  Missile Turret x3  
  147  13:35  Missile Turret x3  
  147  13:36  Missile Turret, Marine x5  
  147  13:37  Missile Turret, Marine  
  147  13:40  Missile Turret  
  153  13:47  Barracks Reactor, Viking  
  153  13:48  Barracks Reactor, Viking  
  157  13:50  Siege Tank  
  157  13:52  Marauder x2  
  157  13:54  Marauder  
  166  14:00  Marine x4  
  166  14:01  Marine x2  
  172  14:17  Viking  
  172  14:22  Siege Tank  
  177  14:29  Marine x2  
  177  14:30  Marine x6  
  177  14:31  Marine x2  
  186  14:32  Marauder  
  162  14:45  Marine  
  162  14:47  Marauder  
Tags
 
Matchup
TvZ
Spawn Locations
Cross Positions
Add a new tag
Caveats
  • Supply blocks, unpowered buildings, or Contaminate may cause inaccurate times.
  • Supply counts are checked every 10 seconds.